 Dungeon Crawl Stone Soup version 0.29.1-15-g9cfb28693d (webtiles) character file.

Game seed: 3069603935072604455

266 protoss039 the Digger (level 6, 0/46 HPs)
             Began as a Demonspawn Earth Elementalist on Mar 28, 2023.
             Slain by a black bear (7 damage)
             ... on level 4 of the Dungeon.
             The game lasted 00:02:55 (2605 turns).

protoss039 the Digger (DsEE)                        Turns: 2605, Time: 00:02:56

Health: 0/46       AC:  3    Str:  8    XL:     6   Next: 0%
Magic:  10/10      EV: 13    Int: 19    God:
Gold:   134        SH:  0    Dex: 13    Spells: 5/11 levels left

rFire   . . .      SeeInvis .   h - +0 dagger
rCold   . . .      Faith    .   (no shield)
rNeg    . . .      Spirit   .   g - +0 leather armour
rPois   .          Reflect  .   (no helmet)
rElec   .          Harm     .   (no cloak)
rCorr   .          Rampage  .   (no gloves)
Will    .....                   (no boots)
Stlth   ++........              (no amulet)
HPRegen 0.15/turn               (no ring)
MPRegen 0.24/turn               (no ring)

@: no status effects
A: repulsion field 1, powered by pain 1, magic regeneration
a: no special abilities


You were on level 4 of the Dungeon.
You visited 1 branch of the dungeon, and saw 3 of its levels.
You also visited: Sewer.

You collected 134 gold pieces.

Inventory:

Hand Weapons
 h - a +0 dagger (weapon)
 k - a +0 spear
Armour
 g - a +0 leather armour (worn)
Scrolls
 a - a scroll of noise {unknown}
 c - a scroll of identify {unknown}
 d - 3 scrolls of vulnerability {unknown}
 e - 2 scrolls of summoning {unknown}
 f - 2 scrolls of teleportation {unknown}
Potions
 b - a potion of magic
 i - a potion of mutation {unknown}
 j - a potion of cancellation {unknown}


   Skills:
 + Level 2.6 Fighting
 * Level 2.3 Armour
 - Level 1.7 Dodging
 - Level 1.7 Stealth
 + Level 3.2 Spellcasting
 + Level 0.8 Conjurations
 - Level 0.8 Transmutations
 + Level 3.8 Earth Magic


You had 5 spell levels left.
You knew the following spells:

 Your Spells              Type           Power      Damage    Failure   Level
a - Sandblast             Erth           34%        2d9       4%          1
b - Passwall              Tmut/Erth      10%        N/A       12%         2
c - Stone Arrow           Conj/Erth      22%        3d8       24%         3

Your spell library contained the following spells:

 Spells                   Type           Power      Damage    Failure   Level
 Petrify                  Tmut/Erth      12%        N/A       63%         4


Dungeon Overview and Level Annotations

Branches:
Dungeon (2/15) Zot: 15644   Sewer (visited)

Altars:

Annotations:
D:4 NimIero's ghost, amateur DrCj


Innate Abilities, Weirdness & Mutations

You are surrounded by a mild repulsion field. (EV +2)
You sometimes gain a little power by taking damage.
You regenerate magic rapidly.


Message History

Unknown command.
You hit the giant cockroach but do no damage.
The giant cockroach is heavily wounded.
The giant cockroach barely misses you. The orc hits you but does no damage.
The black bear bites you.
* * * LOW HITPOINT WARNING * * *
The black bear misses you. The black bear closely misses you.
You are too injured to fight recklessly!
Unknown command.
You hit the giant cockroach but do no damage.
The giant cockroach is heavily wounded.
The giant cockroach bites you.
* * * LOW HITPOINT WARNING * * *
The orc misses you. The black bear barely misses you. The black bear claws you.
* * * LOW HITPOINT WARNING * * *
The black bear claws you but does no damage.
The giant cockroach bites you but does no damage.
You barely miss the giant cockroach.
The giant cockroach is heavily wounded.
The orc closely misses you. The black bear barely misses you.
The black bear claws you.
* * * LOW HITPOINT WARNING * * *
The black bear closely misses you. The giant cockroach bites you.
* * * LOW HITPOINT WARNING * * *
You hit the giant cockroach.
The giant cockroach is almost dead.
The giant cockroach closely misses you. The orc barely misses you.
The black bear misses you. The black bear closely misses you. x2
Unknown command.
You closely miss the giant cockroach.
The giant cockroach is almost dead.
The giant cockroach misses you. The orc hits you but does no damage.
The black bear barely misses you.
The black bear claws you but does no damage.
The black bear closely misses you.
Unknown command.
You hit the giant cockroach.
You kill the giant cockroach!
The black bear bites you!
You die...

.............
.....©.......#
#########...#
8.$!..8##..# .
.......#..######### ..#
#...##.#..##.......
.o#.##...##.#..##.####..
.o#....©....#..##.#....#
..#.##.@.##.#.......##..
..#.##hSo##.#..##.####..
..#S..oW....#..##.####.#
..##8.....8##..##......#
...#########...#########
.......K.......# #
#.............##### ##
###.###..#####.....# #.
.........#####.....# #.


You could see a black bear, NimIero's ghost, 4 orcs, a ball python and a kobold.

Vanquished Creatures
  2 scorpions
  2 jellies (Sewer)
  3 worms
  3 dart slugs
  2 ball pythons
  17 endoplasms
  4 giant cockroaches
  3 goblins (D:1)
  3 hobgoblins (D:1)
  3 jackals (D:1)
  4 kobolds
  2 quokkas (D:1)
  5 bats
  7 frilled lizards
  10 rats
70 creatures vanquished.

Notes
Turn   | Place    | Note
-------+----------+-------------------------------------------
     0 | D:1      | protoss039 the Demonspawn Earth Elementalist began the
                  | quest for the Orb.
     0 | D:1      | Reached XP level 1. HP: 13/13 MP: 3/3
   295 | D:1      | Gained mutation: You are surrounded by a mild repulsion
                  | field. (EV +2) [demonic ancestry]
   295 | D:1      | Reached XP level 2. HP: 8/20 MP: 1/5
   620 | D:1      | Reached skill level 1 in Fighting
   963 | D:1      | Reached XP level 3. HP: 26/26 MP: 4/6
  1388 | D:1      | Learned a level 2 spell: Passwall
  1459 | D:2      | Noticed a scorpion
  1472 | D:2      | Killed a scorpion
  1473 | D:2      | Reached skill level 1 in Armour
  1473 | D:2      | Gained mutation: You regenerate magic rapidly. [demonic
                  | ancestry]
  1473 | D:2      | Reached XP level 4. HP: 8/33 MP: 4/8
  2015 | D:2      | You fall into a shaft and drop 2 floors!
  2020 | D:4      | Found a glowing drain.
  2044 | D:4      | Noticed a scorpion
  2058 | D:4      | Killed a scorpion
  2059 | D:4      | Reached XP level 5. HP: 20/39 MP: 1/9
  2208 | Sewer    | Entered a sewer
  2213 | Sewer    | Learned a level 3 spell: Stone Arrow
  2485 | Sewer    | Gained mutation: You sometimes gain a little power by
                  | taking damage. [demonic ancestry]
  2485 | Sewer    | Reached XP level 6. HP: 46/46 MP: 6/10
  2570 | D:4      | Found a transporter.
  2570 | D:4      | Noticed NimIero's ghost (amateur DrCj)
  2605 | D:4      | Slain by a black bear

Illustrated notes

Levels and vault maps discovered:
D:1:      minmay_arrival_four_loops, layout_loops_ring
D:2:      layout_basic
D:4:      layout_loops_cross, portal_sewer_entry_e, gammafunk_ghost_arena,
          uniq_pikel

Skill      XL: |  1  2  3  4  5 |
---------------+----------------+-----
Fighting       | 1 2 |  2.6
Earth Magic    | 3 |  3.8
Armour         | 1 2 |  2.3
Spellcasting   | 3 |  3.2
Dodging        | |  1.7
Stealth        | |  1.7
Conjurations   | |  0.8
Transmutations | |  0.8

Action                   |  1- 3 |  4- 6 || total
-------------------------+-------+-------++-------
Melee: Club              |    29 |       ||    29
       Dagger            |     7 |    13 ||    20
 Cast: Sandblast         |    44 |    56 ||   100
  Use: Potion            |     1 |       ||     1
Armor: Robe              |     3 |       ||     3
       Leather armour    |    18 |    12 ||    30
Dodge: Dodged            |    47 |    52 ||    99
